 Dungeon Crawl Stone Soup version 0.26-a0-658-gbdda728c12 (webtiles) character file.

Game seed: 4566326895687342632

109377 marklar909 the Unseen (level 17, -1/106 HPs)
             Began as a Kobold Enchanter on Oct 5, 2020.
             Was the Champion of Dithmenos.
             Killed by the raging water
             ... invoked by a water nymph
              (32 damage)
             ... on level 1 of the Shoals.
             The game lasted 01:14:57 (37244 turns).

marklar909 the Unseen (Kobold Enchanter)           Turns: 37244, Time: 01:14:57

Health: -1/106     AC: 24    Str: 13    XL:     17   Next: 7%
Magic:  14/30      EV: 24    Int: 20    God:    Dithmenos [******]
Gold:   3187       SH:  5    Dex: 17    Spells: 3/35 levels left

rFire    . . .     SeeInvis .   r - +8 rapier (speed)
rCold    . . .     Faith    .   (shield restricted)
rNeg     . . .     Spirit   .   b - +0 acid dragon scales
rPois    +         Reflect  +   u - +2 helmet {Int+3}
rElec    .         Harm     .   m - +2 cloak
rCorr    +         Rampage  +   F - +2 pair of gloves {Str+3}
MR       +....                  P - +1 pair of boots {rampage}
Stlth    +++++++...             n - amulet of reflection
HPRegen  0.27/turn              e - ring of poison resistance
MPRegen  0.22/turn              z - +4 ring of protection

@: very slightly contaminated, hasted and slowed, wreathed by umbra, very slow
A: small, nightstalker 3
a: Shadow Step, Shadow Form, Renounce Religion


You were on level 1 of the Shoals.
You worshipped Dithmenos.
Dithmenos was exalted by your worship.
You visited 4 branches of the dungeon, and saw 24 of its levels.

You collected 4168 gold pieces.
You spent 981 gold pieces at shops.

Inventory:

Hand Weapons
 r - a +8 rapier of speed (weapon)
Missiles
 O - 15 curare-tipped darts (quivered)
Armour
 b - +0 acid dragon scales (worn)
 m - a +2 cloak (worn)
 u - a +2 helmet of intelligence (worn)
 E - the +1 ring mail of the Armadillo {Str+9 Dex+3}
   (You bought it in a shop on level 11 of the Dungeon)

   It affects your strength (+9).
   It affects your dexterity (+3).
 F - a +2 pair of gloves of strength (worn)
 P - a +1 pair of boots of rampaging (worn)
Jewellery
 e - a ring of poison resistance (left hand)
 n - an amulet of reflection (around neck)
 z - a +4 ring of protection (right hand)
 H - an uncursed ring of protection from fire
 I - an uncursed ring of magical power
Wands
 q - a wand of iceblast (34)
 s - a wand of random effects (12)
 y - a wand of acid (14)
 A - a wand of disintegration (21)
 B - a wand of paralysis (27)
 D - a wand of polymorph (8)
 R - a wand of flame (11)
 U - a wand of digging (7)
Scrolls
 c - 15 scrolls of teleportation
 d - 11 scrolls of remove curse
 i - 3 scrolls of blinking
 j - 7 scrolls of magic mapping
 l - 5 scrolls of identify
 p - 2 scrolls of torment
 C - a scroll of fog
 K - a scroll of immolation
 M - 3 scrolls of fear
 S - 2 scrolls of vulnerability
 T - a scroll of silence
Potions
 a - a potion of berserk rage
 f - a potion of heal wounds
 g - 4 potions of stabbing
 h - 18 potions of curing
 k - 3 potions of haste
 o - 7 potions of brilliance
 t - 3 potions of flight
 v - a potion of ambrosia
 w - a potion of invisibility
 x - 3 potions of might
 G - 3 potions of lignification
 J - 3 potions of cancellation
Miscellaneous
 N - a box of beasts (3/3)
 Q - a condenser vane (1/2)


   Skills:
 * Level 11.7 Fighting
 + Level 13.2 Short Blades
 + Level 7.8 Armour
 * Level 13.5 Dodging
 + Level 15.9 Stealth
   Level 4.3 Shields
 + Level 9.5 Spellcasting
 + Level 2.0 Conjurations
 * Level 12.3 Hexes
 + Level 5.6 Ice Magic
 + Level 2.5 Air Magic
 + Level 1.2 Evocations


You had 3 spell levels left.
You knew the following spells:

 Your Spells              Type           Power        Failure   Level
a - Dazzling Flash        Conj/Hex       #####.       1%          3
b - Ensorcelled Hibernat  Hex/Ice        #####.       1%          2
c - Confusing Touch       Hex            ######..     1%          3
d - Cause Fear            Hex            ######....   1%          4
e - Silence               Hex/Air        #####.....   13%         5
f - Ozocubu's Armour      Ice            ####....     3%          3
g - Leda's Liquefaction   Hex/Erth       ####......   8%          4
h - Discord               Hex            ######....   99%         8

Your spell library contained the following spells:

 Spells                   Type           Power        Failure   Level
 Corona                   Hex            ######.      1%          1
 Freeze                   Ice            ####         1%          1
 Slow                     Hex            ######..     1%          2
 Tukima's Dance           Hex            ######..     1%          3
 Inner Flame              Hex/Fire       ####....     2%          3
 Portal Projectile        Hex/Tloc       ####..       2%          3
 Frozen Ramparts          Ice            ####..       3%          3
 Foxfire                  Conj/Fire      ##..         6%          1
 Animate Skeleton         Necr           #.....       10%         1
 Apportation              Tloc           #.....       10%         1
 Beastly Appendage        Tmut           #.....       10%         1
 Summon Small Mammal      Summ           #...         10%         1
 Wereblood                Tmut           #.......     16%         2
 Conjure Flame            Conj/Fire      ##......     19%         3
 Spider Form              Tmut/Pois      #.........   30%         3
 Hailstorm                Conj/Ice       ####....     21%         4
 Yara's Violent Unravell  Hex/Tmut       ####......   22%         5
 Ice Form                 Ice/Tmut       ###.....     30%         4
 Summon Ice Beast         Ice/Summ       ###.....     30%         4
 Sticky Flame             Conj/Fire      ##......     54%         4
 Fireball                 Conj/Fire      ##........   87%         5
 Blade Hands              Tmut           #.........   95%         5


Dungeon Overview and Level Annotations

Branches:
Dungeon (15/15)              Lair (6/6) D:10         Shoals (1/4) Lair:2
  Snake (0/4) Lair:4        Slime (0/5) Lair:6          Orc (2/2) D:11
    Elf (0/3) Orc:2        Vaults (0/5) D:14         Depths (0/5) D:15
 Temple: D:4-7

Altars:
Cheibriados
Dithmenos
Fedhas
Hepliaklqana
Kikubaaqudgha
Makhleb
Nemelex Xobeh
Okawaru
Ru
Sif Muna
Uskayaw
Yredelemnul
The Shining One
Beogh

Shops:
D:11 [   Orc:1 *   Orc:2 [(:*

Annotations:
D:2 Sigmund
D:3 Duvessa


Innate Abilities, Weirdness & Mutations

You are small and have problems with some larger weapons.
You are completely attuned to the shadows.


Message History

You feel much better. You block the water nymph's attack.
Splash!
You fall into the shallow water.
Moving in this stuff is going to be slow.
Things that are here:
a +0 trident of flaming; a +0 robe; a merfolk skeleton Splash!
You fall into the shallow water.
Moving in this stuff is going to be slow.
Evoke which item? (* to show all) (? for menu, Esc to quit)
Okay, then.
Casting: Silence (dangerous; 13% risk of failure)
Confirm with . or Enter, or press ? or * to list all spells.
Okay, then.
Casting: Silence (dangerous; 13% risk of failure)
Confirm with . or Enter, or press ? or * to list all spells.
The water nymph easily resists.
The water nymph points at you and mumbles some strange words.
The water swirls and strikes you!!
You die...

≈≈≈≈≈.##.)≈≈≈≈≈≈
≈≈≈≈≈≈≈≈≈≈.##..≈≈≈≈≈
≈≈≈≈.≈..≈≈..≈...≈≈≈≈≈
≈≈≈≈...≈≈≈..##..≈≈≈≈≈
≈≈≈≈≈≈.§..#####≈<≈≈≈≈
≈≈≈≈≈≈§§≈.# #.≈≈≈≈.≈
≈≈≈≈≈##§§#####≈§≈≈≈≈≈
≈≈≈≈≈.##§§§§###..≈≈≈≈
≈≈≈≈≈..§§§§§m@.≈≈≈≈≈≈
≈≈≈≈)..§.)≈##≈.≈≈≈≈≈
≈≈≈≈≈≈.§..###...≈≈≈≈
≈≈≈≈≈≈....###......≈
≈≈≈≈≈≈...)(#..≈....
≈≈≈≈≈≈.....##.≈≈≈≈
≈≈≈≈≈≈......≈≈≈≈
≈≈≈≈.......≈≈≈≈
≈≈≈...###.≈≈≈≈


You could see a water nymph.

Vanquished Creatures
  Rupert (D:13)
  An orc warlord (Orc:2)
  A juggernaut zombie (D:15)
  Louise (D:15)
  A stone giant (D:15)
  Josephine (D:11)
  2 merfolk impalers (Shoals:1)
  Snorg (Orc:1)
  Harold (D:8)
  A death knight (D:15)
  Fannar (D:10)
  6 centaur warriors
  5 hydras
  A catoblepas (D:13)
  11 two-headed ogres
  A merfolk avatar (Lair:6)
  2 dancing weapons (D:14)
  2 tengu warriors
  A death yak (Lair:2)
  An ogre mage (D:15)
  A vampire mage (D:15)
  Sonja (Lair:5)
  2 orc high priests (Orc:2)
  A skeletal warrior (D:15)
  2 sea snakes (Shoals:1)
  3 unseen horrors
  A necromancer (D:15)
  A wolf spider zombie (D:15)
  2 harpies (Lair:6)
  6 orc knights
  A tengu zombie (D:15)
  Pikel (D:6)
  3 manticores
  3 orc sorcerers (Orc:2)
  2 deep elf magi
  8 ugly things
  A shadow dragon skeleton (D:15)
  5 cyclopes
  27 elephants
  A salamander (shapeshifter) (D:15)
  3 black mambas
  2 torpor snails
  13 cane toads
  19 komodo dragons
  3 rime drakes
  A yaktaur skeleton (D:15)
  A guardian mummy (D:15)
  An efreet (D:15)
  3 merfolk (Shoals:1)
  A jumping spider (shapeshifter) (D:14)
  4 trolls
  A hornet (Lair:6)
  5 polar bears
  4 wind drakes
  A meliai zombie (D:13)
  18 slime creatures
  4 blink frogs (Lair:2)
  A snapping turtle (Shoals:1)
  4 dream sheep (Lair:5)
  2 shadows
  5 wraiths
  Eustachio (D:5)
  2 water elementals (D:14)
  8 wyverns
  A hog (shapeshifter) (D:15)
  52 yaks
  Grum (D:11)
  A steam dragon (D:11)
  14 basilisks
  6 vampire mosquitoes (D:15)
  7 wargs
  Edmund (D:5)
  2 acid dragons
  21 water moccasins
  A black bear (shapeshifter) (D:15)
  39 orc warriors
  4 sky beasts
  2 eyes of draining
  7 ice beasts
  2 necrophages
  A hornet zombie (D:14)
  6 phantoms
  17 ogres
  7 centaurs
  6 wolves
  Blork the orc (D:4)
  A big kobold (D:7)
  17 bullfrogs
  Dowan (D:4)
  7 scorpions
  15 killer bees
  3 electric eels
  6 wights
  12 howler monkeys
  3 bullfrog zombies
  7 hounds
  7 jellies
  14 orc priests
  5 centaur skeletons
  Crazy Yiuf (D:2)
  14 orc wizards
  Ijyb (D:5)
  Terence (D:2)
  7 iguanas
  19 worker ants
  5 hell rats (Lair:5)
  2 killer bee zombies
  2 hound skeletons
  A hound zombie (D:8)
  A howler monkey skeleton (D:10)
  16 gnolls
  14 adders
  A shadow imp (D:5)
  4 white imps
  An ufetubus (D:9)
  12 oozes
  An adder skeleton (D:4)
  3 worms
  5 dart slugs
  5 leopard geckos
  79 orcs
  A ball python (D:1)
  5 giant cockroaches
  11 goblins
  6 hobgoblins
  12 jackals
  5 quokkas
  7 bats
  4 frilled lizards
  A jackal skeleton (D:4)
  A jackal zombie (D:6)
  11 kobolds
  A quokka skeleton (D:9)
  12 rats
790 creatures vanquished.

Vanquished Creatures (others)
  A yak (Lair:6)
  A jelly (D:6)
  An orc wizard (Orc:2)
  An orc (Orc:2)
  80 fungi
  54 plants
  8 withered plants (D:15)
146 creatures vanquished.

Grand Total: 936 creatures vanquished

Notes
Turn   | Place    | Note
-------+----------+-------------------------------------------
     0 | D:1      | marklar909 the Kobold Enchanter began the quest for the
                  | Orb.
     0 | D:1      | Reached XP level 1. HP: 10/10 MP: 3/3
   404 | D:1      | Reached XP level 2. HP: 15/15 MP: 3/5
   414 | D:1      | Learned a level 2 spell: Ensorcelled Hibernation
   747 | D:1      | Reached XP level 3. HP: 19/19 MP: 6/6
  1610 | D:2      | Reached XP level 4. HP: 12/24 MP: 2/7
  1824 | D:2      | Found a runed translucent door.
  1827 | D:2      | Noticed Crazy Yiuf
  2566 | D:2      | Found an iron altar of Okawaru.
  2568 | D:2      | Found a burning altar of Makhleb.
  2578 | D:2      | Reached skill level 5 in Stealth
  2593 | D:2      | Reached skill level 1 in Fighting
  2593 | D:2      | Reached XP level 5. HP: 20/29 MP: 1/9
  3236 | D:2      | Noticed Terence
  3240 | D:2      | Killed Terence
  3462 | D:2      | Noticed Sigmund
  3699 | D:2      | Killed Crazy Yiuf
  3914 | D:3      | Noticed a +0 hand axe
  3916 | D:3      | Found a hide-covered altar of Uskayaw.
  3916 | D:3      | Noticed a +0 dagger
  3922 | D:3      | Reached XP level 6. HP: 32/34 MP: 7/10
  4032 | D:3      | Found a snail-covered altar of Cheibriados.
  4046 | D:3      | Reached skill level 1 in Ice Magic
  4792 | D:4      | Noticed Duvessa
  4793 | D:4      | Noticed Dowan
  5724 | D:4      | Killed Dowan
  6194 | D:4      | Noticed Blork the orc
  6217 | D:4      | Reached XP level 7. HP: 23/40 MP: 11/11
  6220 | D:4      | Killed Blork the orc
  6771 | D:4      | Reached skill level 6 in Stealth
  7030 | D:2      | Learned a level 3 spell: Confusing Touch
  7508 | D:5      | Entered Level 5 of the Dungeon
  8139 | D:5      | Noticed Eustachio
  8145 | D:5      | Killed Eustachio
  8145 | D:5      | Reached XP level 8. HP: 46/46 MP: 13/13
  8191 | D:5      | Noticed Edmund
  8212 | D:5      | Killed Edmund
  8876 | D:5      | Found a shadowy altar of Dithmenos.
  8890 | D:5      | Reached skill level 5 in Dodging
  8890 | D:5      | Reached skill level 7 in Stealth
  8890 | D:5      | Reached skill level 5 in Hexes
  8911 | D:5      | Became a worshipper of Dithmenos the Shadowed
  9250 | D:5      | Noticed Ijyb
  9267 | D:5      | Killed Ijyb
  9449 | D:4      | Found a hazy altar of Hepliaklqana.
  9449 | D:4      | Found a sacrificial altar of Ru.
 10184 | D:6      | Reached XP level 9. HP: 43/52 MP: 15/15
 10247 | D:6      | Reached skill level 5 in Short Blades
 10247 | D:6      | Reached skill level 8 in Stealth
 10490 | D:6      | Found a glowing golden altar of the Shining One.
 10767 | D:6      | Noticed Pikel
 10789 | D:6      | Killed Pikel
 10789 | D:6      | Reached skill level 9 in Stealth
 10895 | D:6      | Reached skill level 5 in Fighting
 11153 | D:6      | Found a basalt altar of Yredelemnul.
 11161 | D:6      | Noticed a profane servitor
 11172 | D:6      | Found a glowing golden altar of the Shining One.
 11175 | D:6      | Noticed an angel
 11282 | D:6      | Learned a level 3 spell: Dazzling Flash
 11400 | D:7      | Reached * piety under Dithmenos
 11429 | D:7      | Found a shimmering blue altar of Sif Muna.
 11839 | D:7      | Reached XP level 10. HP: 59/59 MP: 16/16
 12531 | D:8      | Reached skill level 10 in Stealth
 13108 | D:8      | Reached skill level 1 in Armour
 13108 | D:8      | Reached skill level 5 in Spellcasting
 13240 | D:8      | Noticed Harold
 13602 | D:8      | Killed Harold
 13817 | D:9      | Found a blossoming altar of Fedhas.
 13818 | D:9      | Found an ancient bone altar of Kikubaaqudgha.
 13882 | D:9      | Found a sparkling altar of Nemelex Xobeh.
 13916 | D:9      | Reached ** piety under Dithmenos
 14288 | D:9      | Reached XP level 11. HP: 66/66 MP: 14/18
 14495 | D:9      | Reached skill level 11 in Stealth
 15023 | D:9      | Identified a scroll of acquirement
 15023 | D:9      | Acquired a +4 ring of protection
 15226 | D:10     | Entered Level 10 of the Dungeon
 15306 | D:10     | Noticed Fannar
 15317 | D:10     | Killed Fannar
 16227 | D:10     | Reached *** piety under Dithmenos
 16429 | D:10     | Found a staircase to the Lair.
 16586 | D:10     | Reached skill level 12 in Stealth
 16706 | D:11     | Noticed a two-headed ogre
 16710 | D:11     | Killed a two-headed ogre
 16743 | D:11     | Found a staircase to the Orcish Mines.
 16965 | D:11     | Reached XP level 12. HP: 60/72 MP: 11/20
 17487 | D:11     | Reached **** piety under Dithmenos
 17629 | D:11     | Noticed Grum
 17653 | D:11     | Noticed a two-headed ogre
 17654 | D:11     | Killed Grum
 17702 | D:11     | Killed a two-headed ogre
 17786 | D:11     | Found a shadowy altar of Dithmenos.
 17888 | D:11     | Noticed Josephine
 17893 | D:11     | Killed Josephine
 17893 | D:11     | Reached skill level 13 in Stealth
 18173 | D:11     | Found Asob's Antique Armour Emporium.
 18219 | D:11     | Bought a runed helmet for 187 gold pieces
 18219 | D:11     | Bought a pair of embroidered boots for 187 gold pieces
 18441 | D:11     | Bought a pair of runed gloves for 187 gold pieces
 18575 | Lair:1   | Entered Level 1 of the Lair of Beasts
 19087 | Lair:1   | Reached skill level 10 in Dodging
 19300 | Lair:1   | Learned a level 4 spell: Cause Fear
 19306 | Lair:1   | Learned a level 5 spell: Silence
 19310 | Lair:1   | Learned a level 3 spell: Ozocubu's Armour
 19347 | Lair:2   | Found a burning altar of Makhleb.
 19370 | Lair:2   | Found a staircase to the Shoals.
 19550 | Lair:2   | Reached skill level 1 in Shields
 19631 | Lair:2   | Reached ***** piety under Dithmenos
 19634 | Lair:2   | Reached XP level 13. HP: 79/79 MP: 12/22
 20706 | Lair:2   | Noticed a six-headed hydra
 20713 | Lair:2   | Reached skill level 5 in Armour
 20726 | Lair:2   | Killed a six-headed hydra
 20726 | Lair:2   | Reached skill level 14 in Stealth
 20909 | Lair:2   | Noticed a seven-headed hydra
 20917 | Lair:2   | Killed a seven-headed hydra
 21463 | Lair:3   | Reached skill level 10 in Short Blades
 22557 | Lair:4   | Found a staircase to the Snake Pit.
 22622 | Lair:4   | Reached XP level 14. HP: 86/86 MP: 24/24
 23292 | Lair:4   | Reached skill level 15 in Stealth
 23852 | Lair:5   | Noticed Sonja
 23855 | Lair:5   | Killed Sonja
 24733 | Lair:6   | Entered Level 6 of the Lair of Beasts
 25123 | Lair:6   | Reached skill level 10 in Hexes
 25237 | Lair:6   | Learned a level 4 spell: Leda's Liquefaction
 26033 | Lair:6   | Reached skill level 5 in Ice Magic
 26065 | Lair:6   | Reached skill level 10 in Fighting
 26248 | Lair:6   | Reached ****** piety under Dithmenos
 26514 | Lair:6   | Reached XP level 15. HP: 87/92 MP: 26/26
 26698 | Lair:6   | Found a staircase to the Slime Pits.
 27094 | Lair:6   | Got a pitted arbalest
 27480 | Orc:1    | Entered Level 1 of the Orcish Mines
 27522 | Orc:1    | Noticed Snorg
 27538 | Orc:1    | Killed Snorg
 27715 | Orc:1    | Found a roughly hewn altar of Beogh.
 27762 | Orc:2    | Entered Level 2 of the Orcish Mines
 27785 | Orc:2    | Found Ikiufyho's Antique Armour Shop.
 27938 | Orc:2    | Reached skill level 1 in Evocations
 28113 | Orc:2    | Noticed an orc warlord
 28165 | Orc:2    | Killed an orc warlord
 28540 | Orc:2    | Reached skill level 1 in Air Magic
 28897 | Orc:2    | Found Jiyn's Antique Weapon Boutique.
 29036 | Orc:2    | Found a staircase to the Elven Halls.
 29103 | Orc:2    | Found Homuaxza's General Store.
 29108 | Orc:2    | Bought a scroll of vulnerability for 75 gold pieces
 29108 | Orc:2    | Bought a scroll of enchant armour for 75 gold pieces
 29164 | Orc:2    | Reached skill level 1 in Conjurations
 29487 | Orc:2    | Found Xoqeuwnea's Book Emporium.
 29953 | Orc:1    | Found Foqunoan's General Store.
 29956 | Orc:1    | Bought a potion of curing for 45 gold pieces
 31802 | D:13     | You fall into a shaft and drop 1 floor!
 31831 | D:13     | Noticed Rupert
 31840 | D:13     | Killed Rupert
 32161 | D:13     | Reached XP level 16. HP: 99/99 MP: 24/28
 33573 | D:14     | Found a gate to the Vaults.
 33946 | D:15     | Entered Level 15 of the Dungeon
 34717 | D:15     | Noticed Louise
 34719 | D:15     | Killed Louise
 35737 | D:15     | Found a staircase to the Depths.
 36025 | D:15     | Learned a level 8 spell: Discord
 36149 | D:15     | Found a runed translucent door.
 36366 | D:15     | Acquired 1195 gold pieces
 36503 | D:11     | Bought a glimmering ring mail for 225 gold pieces
 36503 | D:11     | Identified the +1 ring mail of the Armadillo {Str+9 Dex+3}
                  | (You bought it in a shop on level 11 of the Dungeon)
 36716 | Shoals:1 | Entered Level 1 of the Shoals
 36777 | Shoals:1 | Reached XP level 17. HP: 106/106 MP: 30/30
 37244 | Shoals:1 | Killed from afar by a water nymph

Illustrated notes

Levels and vault maps discovered:
D:1:      kennysheep_arrival_forest, layout_basic, corexii_hall_statues_i,
          minmay_misc_feat_rows
D:2:      layout_basic, chequers_temple_overflow_statue_of_worship,
          uniq_crazy_yiuf_cottage, uniq_terence, uniq_sigmund
D:3:      layout_rooms, kennysheep_slug_shrine, dancing_weapons_uskayaw,
          dk_noncrumbling_2, columned_hall_lemuel, grunt_decor_arrowhead,
          item_on_display_a
D:4:      layout_loops_cross, nicolae_overflow_hidden_temple, uniq_duvessa,
          uniq_blork_the_orc
D:5:      layout_loops_corners, grunt_dithmenos_shadows, uniq_eustachio,
          uniq_edmund, uniq_ijyb
D:6:      layout_loops_ring, grunt_temple_overflow_holy_war, tso_metal_star,
          uniq_pikel
D:7:      layout_basic, kennysheep_mini, minmay_temple_entry_nine_rooms
D:8:      layout_loops_ring, minmay_fractal_squares_5, uniq_harold
D:9:      layout_roguey, grunt_temple_overflow_growth_and_decay,
          lemuel_doored_altar, fungi_pond_lemuel, serial_park_tiny_2
D:10:     layout_rooms, erik_lair_dragon, statue_in_the_mist_lemuel,
          hangedman_little_slice_of_home, uniq_fannar
D:11:     layout_basic, minmay_orc_entry_guard_dogs, serial_shops, shop,
          basic_altar, lightli_bailey_entry_fortress, st_stairs_4,
          uniq_josephine, uniq_grum
D:12:     layout_long_grid, bh_walls_and_bars
D:13:     layout_irregular_city, uniq_rupert
D:14:     layout_irregular_city, erik_vaults_1, serial_bayou_shore_a
D:15:     gammafunk_depths_entry_grave, layout_layer_cave, wad_hexagon,
          uniq_louise
Lair:1:   layout_misc_corridors, lemuel_fruit_fields, infiniplex_staircase_pool
Lair:2:   layout_cave_pods, minmay_shoals_entry_beasts, basic_altar,
          minmay_shattered_shrine
Lair:3:   layout_regular_city
Lair:4:   layout_regular_city, dummy_snake_entry, grunt_megastairs_5,
          serial_bayou_shore_b, lemuel_fruit_fields
Lair:5:   layout_loops_ring, uniq_sonja
Lair:6:   gammafunk_lair_ancient_temple, layout_cave_pods,
          nicolae_slime_entry_slimehenge
Shoals:1: layout_shoals, abandoned_shop
Orc:1:    layout_diamond_mine, serial_shops, shop, minmay_orc_temple_a,
          uniq_snorg
Orc:2:    grunt_orc_gardens, layout_diamond_mine, grunt_orc_garden,
          grunt_orc_garden, grunt_orc_garden, grunt_orc_garden

Skill      XL: |  1  2  3  4  5  6  7  8  9 10 11 12 13 14 15 16 |
---------------+-------------------------------------------------+-----
Short Blades   | 2 3 4 6 7 8 9 10 11 12 13 | 13.2
Dodging        | 3 4 5 6 7 9 10 11 12 13 | 13.5
Stealth        | 5 6 7 9 10 12 13 14 15 | 15.9
Fighting       | 1 2 3 4 5 6 7 8 9 10 11 | 11.7
Spellcasting   | 3 4 5 6 7 8 9 |  9.5
Ice Magic      | 1 2 3 4 5 |  5.6
Hexes          | 4 5 6 7 8 9 10 11 12 | 12.3
Armour         | 1 3 4 5 6 7 |  7.8
Shields        | 1 3 4 |  4.3
Evocations     | 1 |  1.2
Air Magic      | 2 |  2.5
Conjurations   | 1 2 |  2.0

Action                   |  1- 3 |  4- 6 |  7- 9 | 10-12 | 13-15 | 16-18 || total
-------------------------+-------+-------+-------+-------+-------+-------++-------
Melee: Dagger            |    80 |   131 |    67 |       |       |       ||   278
       Rapier            |       |       |   232 |   567 |  1140 |   447 ||  2386
 Cast: Corona            |    21 |       |       |       |       |       ||    21
       Ensorcelled Hiber |     8 |    58 |    37 |    90 |    87 |    35 ||   315
       Confusing Touch   |       |       |     9 |    25 |    98 |    26 ||   158
       Ozocubu's Armour  |       |       |       |     2 |     1 |     1 ||     4
       Dazzling Flash    |       |       |       |       |    37 |    22 ||    59
       Cause Fear        |       |       |       |       |       |     1 ||     1
Evoke: Wand              |       |       |     5 |     8 |    11 |     3 ||    27
       Condenser vane    |       |       |       |       |     1 |     2 ||     3
  Use: Scroll            |     2 |     3 |     5 |    12 |    16 |     9 ||    47
       Potion            |       |       |     1 |       |       |     3 ||     4
 Stab: Sleeping          |    21 |    36 |    49 |   127 |   158 |    74 ||   465
       Confused          |       |       |     9 |    25 |    97 |    19 ||   150
       Distracted        |       |       |       |     1 |     3 |     1 ||     5
       Invisible         |       |       |       |       |    28 |    18 ||    46
Armor: Robe              |     9 |    18 |    21 |     2 |       |       ||    50
       Leather armour    |       |       |       |    14 |       |       ||    14
       Acid dragon scale |       |       |       |    47 |   180 |    74 ||   301
Dodge: Dodged            |    54 |   106 |   169 |   340 |   671 |   223 ||  1563
Block: Other             |       |       |       |    81 |   139 |    51 ||   271
       Reflection        |       |       |       |     1 |     5 |       ||     6

Table legend: (Time is in decaauts)
 A = Elapsed time spent in this place.
 B = Non-inter-level travel time spent in this place.
 C = Inter-level travel time spent in this place.
 D = Time resting spent in this place.
 E = Time spent auto-exploring this place.
 F = Levels seen in this place.
 G = Mean time per level.
                   A        B        C        D        E       F      G
               +--------+--------+--------+--------+--------+-----+--------+
         Total |  36133 |  33036 |   3097 |   4391 |  22886 |  24 | 1505.5 |
       Dungeon |  24460 |  22144 |   2316 |   3362 |  15040 |  15 | 1630.7 |
          Lair |   8497 |   7922 |    575 |    378 |   6259 |   6 | 1416.2 |
        Shoals |    515 |    511 |      4 |    349 |     53 |   1 |  515.0 |
  Orcish Mines |   2660 |   2459 |    201 |    302 |   1533 |   2 | 1330.0 |
               +--------+--------+--------+--------+--------+-----+--------+

Top non-repeatable levels by time:
     D:3: 2625 daAuts
    D:15: 2259 daAuts
     D:2: 2207 daAuts
  Lair:6: 2188 daAuts
     D:5: 2003 daAuts
  Lair:2: 1973 daAuts
    D:11: 1824 daAuts
     D:9: 1690 daAuts
   Orc:2: 1606 daAuts
     D:1: 1598 daAuts
    D:10: 1575 daAuts
     D:4: 1502 daAuts
    D:14: 1371 daAuts
     D:6: 1368 daAuts
  Lair:5: 1249 daAuts
